 Dungeon Crawl Stone Soup version 0.31-a0-968-g24f9ace8b5 (webtiles) character file.

Game seed: 13839257876244423061

8 Maratek the Trooper (level 2, 17/24 HPs)
             Began as a Demonspawn Fighter on Oct 27, 2023.
             Quit the game on level 1 of the Dungeon.
             The game lasted 00:00:15 (57 turns).

Maratek the Trooper (Demonspawn Fighter)              Turns: 57, Time: 00:00:16

Health: 17/24      AC:  6    Str: 16    XL:     2   Next: 0%
Magic:  2/2        EV:  8    Int:  9    God:
Gold:   15         SH:  4    Dex: 12    Spells: 1/1 levels left

rFire   . . .        a - +0 war axe
rCold   . . .        c - +0 buckler
rNeg    . . .        b - +0 scale mail
rPois   .            (helmet restricted)
rElec   .            (no cloak)
rCorr   .            (no gloves)
SInv    .            (no boots)
Will    .....        (no amulet) Stlth
                     (no ring)
HPRegen 0.24/turn    (no ring)
MPRegen 0.08/turn

%: no passive effects
@: no status effects
A: antennae 1
a: no special abilities


You were on level 1 of the Dungeon.
You visited 1 branch of the dungeon, and saw 1 of its levels.

You collected 15 gold pieces.

Inventory:

Hand Weapons
 a - a +0 war axe (weapon)
Armour
 b - a +0 scale mail (worn)
 c - a +0 buckler (worn)
Potions
 d - a potion of might


   Skills:
 + Level 3.2 Fighting
 + Level 2.0 Axes
 + Level 2.8 Armour
 + Level 2.7 Shields


You had one spell level left.
You didn't know any spells.
Your spell library was empty.

Dungeon Overview and Level Annotations

Branches:
Dungeon (1/15)

Altars:

Annotations:
D:1 1 runed translucent door


Innate Abilities, Weirdness & Mutations

You have a pair of small antennae on your head.


Message History

Things that are here:
a +0 dagger; a scroll labelled JEKEIH ROTY; a goblin corpse
There are monsters nearby!
There are monsters nearby!
A giant cockroach comes into view.
Found 7 gold pieces.
The hobgoblin shouts!
A goblin comes into view. It is wielding a +0 club.
You block the goblin's attack.
You hit the goblin.
The goblin is heavily wounded.
You block the goblin's attack. The giant cockroach misses you.
You hit the goblin.
You kill the goblin!
You hit the giant cockroach.
The giant cockroach bites you but does no damage.
You barely miss the giant cockroach.
The giant cockroach is heavily wounded.
You barely miss the goblin. The goblin hits you with a +0 club.
The giant cockroach bites you.
The giant cockroach bites you but does no damage.
The goblin hits you with a +0 club.
The hobgoblin hits you but does no damage.
You slash the giant cockroach!
You kill the giant cockroach!
You barely miss the goblin. You barely miss the hobgoblin.
The goblin hits you but does no damage.
The hobgoblin hits you but does no damage.
Your Axes skill increases to level 2!
You slash the hobgoblin!
You kill the hobgoblin!
You closely miss the goblin. The goblin closely misses you.
You block the goblin's attack.
You closely miss the goblin. The goblin hits you but does no damage.
You slash the goblin!
You kill the goblin!
You have reached level 2!
Your demonic ancestry asserts itself...
A pair of antennae grows on your head!
Are you sure you want to abandon this character and quit the game? (Confirm with "yes".)

#.## #.# ...## #.#
#####.## # #..# #.#
#......# .. #.####.#
#......#
##.##......###......#
............##......#
#####'###....+......#
.>...⌠..#.#..#......##..
.<......#....)..@)......
###....⌠+..>...††)......
........#....[.......$..
#+#######...............


rhhrJ w#............... JJrrr .#............... ...... .#............... ######
#............... There were no monsters in sight!

Vanquished Creatures
  An endoplasm (D:1)
  A giant cockroach (D:1)
  3 goblins (D:1)
  A hobgoblin (D:1)
6 creatures vanquished.

Notes
Turn   | Place    | Note
-------+----------+-------------------------------------------
     0 | D:1      | Maratek the Demonspawn Fighter began the quest for the Orb.
     0 | D:1      | Reached XP level 1. HP: 18/18 MP: 1/1
     1 | D:1      | Found a runed translucent door.
    57 | D:1      | Gained mutation: You have a pair of small antennae on your
                  | head. [demonic ancestry]
    57 | D:1      | Reached XP level 2. HP: 17/24 MP: 2/2
    57 | D:1      | Quit the game

Illustrated notes

Levels and vault maps discovered:
D:1:      dpeg_arrival_caged_fury, layout_basic

Skill      XL: |  1 |
---------------+----+-----
Axes           | 2 |  2.0
Fighting       | |  3.2
Armour         | |  2.8
Shields        | |  2.7

Action                     || total
---------------------------++-------
  Melee: War axe           ||    12
 Armour: Scale mail        ||    12
  Dodge: Dodged            ||     4
  Block: Buckler           ||     3

Table legend: (Time is in decaauts)
 A = Elapsed time spent in this place.
 B = Non-inter-level travel time spent in this place.
 C = Inter-level travel time spent in this place.
 D = Time resting spent in this place.
 E = Time spent auto-exploring this place.
 F = Levels seen in this place.
 G = Mean time per level.
                   A        B        C        D        E       F      G
               +--------+--------+--------+--------+--------+-----+--------+
         Total |     62 |     62 |      0 |      0 |     35 |   1 |   62.0 |
       Dungeon |     62 |     62 |      0 |      0 |     35 |   1 |   62.0 |
               +--------+--------+--------+--------+--------+-----+--------+

Top non-repeatable levels by time:
     D:1: 62 daAuts
